 Dungeon Crawl Stone Soup version 0.31-a0-232-gb1c03b2570 (webtiles) character file.

Game seed: 10064867417977671832

109 LynnLen the Sneak (level 4, -4/21 HPs)
             Began as a Spriggan Enchanter on July 7, 2023.
             Was an Initiate of Dithmenos.
             Slain by an orc
             ... wielding a +2 flail of holy wrath
              (6 damage)
             ... on level 3 of the Dungeon.
             The game lasted 00:08:55 (2269 turns).

LynnLen the Sneak (Spriggan Enchanter)              Turns: 2269, Time: 00:08:55

Health: -4/21      AC:  2    Str:  4    XL:     4   Next: 59%
Magic:  5/9        EV: 17    Int: 18    God:    Dithmenos [......]
Gold:   77         SH:  0    Dex: 15    Spells: 3/8 levels left

rFire   x . .        i - +1 dagger (venom)
rCold   + . .        (no shield)
rNeg    . . .        b - +0 robe
rPois   .            (helmet restricted)
rElec   .            (no cloak)
rCorr   .            (gloves unavailable)
SInv    +            (boots unavailable)
Will    .....        (no amulet)
Stlth   +++          f - ring of ice
HPRegen 0.23/turn    (no ring)
MPRegen 0.11/turn

%: no passive effects
@: invisible, very quick
A: very small, no large weapons, unfitting armour, see invisible, speed 3
a: Renounce Religion


You were on level 3 of the Dungeon.
You worshipped Dithmenos.
Dithmenos was noncommittal.
You visited 1 branch of the dungeon, and saw 3 of its levels.

You collected 77 gold pieces.

Inventory:

Hand Weapons
 i - a +1 dagger of venom (weapon)
Missiles
 d - 11 poisoned darts (quivered)
Armour
 b - a +0 robe (worn)
Jewellery
 f - a ring of ice (left hand)
Scrolls
 a - a scroll of immolation {unknown}
 h - a scroll of silence {unknown}
 k - 2 scrolls of identify {unknown}
 m - a scroll of noise {unknown}
 o - a scroll of enchant weapon {unknown}
 p - a scroll of enchant armour {unknown}
Potions
 c - a potion of invisibility
 e - a potion of curing {unknown}
 g - 2 potions of might {unknown}
 j - a potion of cancellation {unknown}
 l - a potion of attraction {unknown}
 n - a potion of heal wounds {unknown}


   Skills:
 + Level 2.3 Short Blades
 - Level 2.6 Dodging
 * Level 6.3 Stealth
 - Level 2.6 Spellcasting
 * Level 4.6 Hexes
 + Level 0.7 Ice Magic


You had 3 spell levels left.
You knew the following spells:

 Your Spells              Type           Power      Damage    Failure   Level
a - Ensorcelled Hibernat  Hex/Ice        36%        N/A       9%          2
b - Confusing Touch       Hex            19%        N/A       8%          3

Your spell library contained the following spells:

 Spells                   Type           Power      Damage    Failure   Level
 Slow                     Hex            76%        N/A       2%          1
 Tukima's Dance           Hex            19%        N/A       8%          3
 Dazzling Flash           Conj/Hex       20%        N/A       19%         3
 Blink                    Tloc           4%         N/A       26%         2
 Lesser Beckoning         Tloc           4%         N/A       26%         2
 Momentum Strike          Conj/Tloc      4%         3d8       26%         2
 Vampiric Draining        Necr           2%         2d6       45%         3


Dungeon Overview and Level Annotations

Branches:
Dungeon (3/15)

Altars:
Dithmenos
Makhleb

Shops:
D:3 [


Innate Abilities, Weirdness & Mutations

You are very small and have problems with some larger weapons.
You are too small for most types of armour.
You have supernaturally acute eyesight. (SInv)
You cover ground extremely quickly. (Speed+++)


Message History

There is a fountain of clear blue water here.
There is a fountain of clear blue water here.
You barely miss the orc. The orc hits you with a +0 whip.
The orc shouts!
You hit the orc.
The orc is moderately wounded.
The orc closely misses you. The orc wizard closely misses you.
You closely miss the orc.
The orc is moderately wounded.
The orc hits you with a +0 whip.
The orc wizard gestures at you while chanting.
The puff of flame hits you! The fire burns you terribly!
Ouch! That really hurt!
* * * LOW HITPOINT WARNING * * *
You fade into invisibility!
The orc completely misses you. The orc wizard misses you.
You barely miss the orc.
Casting: Ensorcelled Hibernation (safe; 9% risk of failure)
Confirm with . or Enter, or press ? or * to list all spells.
Aiming: Ensorcelled Hibernation (safe; 9% risk of failure)
Press: ? - help, Shift-Dir - straight line, f - orc wizard
Aim: an orc wizard, wielding a +0 dagger and wearing a +0 robe (unable to see you, chance to affect: 50%)
You feel a surge of power!
The orc wizard resists with significant effort.
The orc misses you.
Casting: Ensorcelled Hibernation (safe; 9% risk of failure)
Confirm with . or Enter, or press ? or * to list all spells.
Aiming: Ensorcelled Hibernation (safe; 9% risk of failure)
Press: ? - help, Shift-Dir - straight line, f/p - orc wizard
Aim: an orc wizard, wielding a +0 dagger and wearing a +0 robe (unable to see you, chance to affect: 50%)
You feel a surge of power!
The orc wizard resists with significant effort.
The orc shouts!
The orc wizard misses you. The orc closely misses you.
You hit the orc wizard.
The orc wizard is poisoned.
The orc wizard is moderately wounded.
The orc hits you with a +0 whip.
* * * LOW HITPOINT WARNING * * *
The orc hits you with a +2 flail of holy wrath.
You die...

######### #.......# #......>#
##### ###.......# ......
..)......## #.....#
####........#
.......##.....o.....###########
...oo..oo..#.o@................
....o..##..##o##......########.
#....)# #..##o#####.#.# #.
.#...# #.o##.#####.#.# #.
..#.#####.⌠.⌠o......#.# #.
.#.###.....∩....#####.# #.
#.....†..⌠.⌠##.# #.# ###.
#####.###.####.# ########...
####..............# .......≈≈≈


You could see an orc wizard (unable to see you, very poisoned) and 4 orcs.

Vanquished Creatures
  Jessica (D:2)
  3 adders
  A worm (D:3)
  A dart slug (D:1)
  An orc (D:3)
  8 endoplasms
  2 giant cockroaches (D:1)
  5 goblins (D:1)
  3 hobgoblins (D:1)
  4 jackals (D:1)
  A quokka (D:1)
  3 ball pythons
  4 bats (D:1)
  4 frilled lizards
  6 kobolds
  3 rats
50 creatures vanquished.

Notes
Turn   | Place    | Note
-------+----------+-------------------------------------------
     0 | D:1      | LynnLen the Spriggan Enchanter began the quest for the Orb.
     0 | D:1      | Reached XP level 1. HP: 9/9 MP: 5/5
   160 | D:1      | Reached XP level 2. HP: 12/13 MP: 6/6
   166 | D:1      | Reached skill level 5 in Stealth
   177 | D:1      | Learned a level 2 spell: Ensorcelled Hibernation
   592 | D:1      | Reached XP level 3. HP: 16/16 MP: 8/8
   624 | D:1      | Learned a level 3 spell: Confusing Touch
  1097 | D:1      | Found a faded altar of an unknown god.
  1627 | D:2      | Reached skill level 6 in Stealth
  1771 | D:2      | Noticed Jessica
  1774 | D:2      | Killed Jessica
  1775 | D:2      | Reached XP level 4. HP: 21/21 MP: 9/9
  2078 | D:3      | Found a burning altar of Makhleb.
  2079 | D:3      | Found a shadowy altar of Dithmenos.
  2092 | D:3      | Became a worshipper of Dithmenos the Shadowed
  2165 | D:3      | Found Efympib's Armour Boutique.
  2269 | D:3      | Slain by an orc

Illustrated notes

Levels and vault maps discovered:
D:1:      minmay_arrival_plants_in_alcoves, layout_loops_corners,
          dreamdust_ecumenical_altar_hidden_monk_grotto,
          minmay_misc_feat_more_columns, corner_web_ring
D:2:      layout_rooms, serial_forest, infiniplex_forest_clump_double,
          infiniplex_forest_zigzag_1, infiniplex_forest_straight_1,
          infiniplex_forest_corner_2, infiniplex_forest_lined_2,
          infiniplex_forest_3_way, infiniplex_forest_straight_4, uniq_jessica
D:3:      layout_loops_ring, nicolae_overflow_squiral, serial_shops,
          shop_fountains, kennysheep_generic_room_3

Skill      XL: |  1  2  3 |
---------------+----------+-----
Stealth        | 5 6 |  6.3
Hexes          | 4 |  4.6
Short Blades   | 2 |  2.3
Dodging        | |  2.6
Spellcasting   | |  2.6
Ice Magic      | |  0.7

Action                     |  1- 3 |  4- 6 || total
---------------------------+-------+-------++-------
  Melee: Dagger            |   114 |    25 ||   139
         Punch             |     1 |       ||     1
   Cast: Ensorcelled Hiber |     2 |     5 ||     7
    Use: Potion            |       |     1 ||     1
   Stab: Sleeping          |    19 |     5 ||    24
 Armour: Robe              |    13 |       ||    13
  Dodge: Dodged            |    75 |    22 ||    97

Table legend: (Time is in decaauts)
 A = Elapsed time spent in this place.
 B = Non-inter-level travel time spent in this place.
 C = Inter-level travel time spent in this place.
 D = Time resting spent in this place.
 E = Time spent auto-exploring this place.
 F = Levels seen in this place.
 G = Mean time per level.
                   A        B        C        D        E       F      G
               +--------+--------+--------+--------+--------+-----+--------+
         Total |   1501 |   1377 |    124 |    109 |    510 |   3 |  500.3 |
       Dungeon |   1501 |   1377 |    124 |    109 |    510 |   3 |  500.3 |
               +--------+--------+--------+--------+--------+-----+--------+

Top non-repeatable levels by time:
     D:1: 859 daAuts
     D:2: 462 daAuts
     D:3: 179 daAuts
